Map: Post-Youth LE

Players

Barricade - Winner!

  • Race: Protoss Protoss
  • League: Master
  • Spawn Location: 1:00

Nyck

  • Race: Terran Terran
  • Spawn Location: 7:00

VOD

Have the link to the VOD?

Description

Time

  • Played on: Oct. 9, 2024, 3:19 p.m.
  • Length: 10:53
Show
View Real Time Build Order
Export as new Build Order

Barricade Protoss - Winner!

Build Orders: Nexus First 

Get SALT Encoding   

  12  0:00  Probe  
  13  0:12  Probe  
  14  0:20  Pylon  
  14  0:24  Probe  
  15  0:38  Probe  
  16  0:50  Probe  
  17  1:03  Nexus  
  17  1:04  Probe  
  18  1:16  Probe  
  19  1:27  Gateway  
  19  1:28  Probe (Chrono Boost)  
  20  1:38  Probe (Chrono Boost)  
  21  1:43  Probe (Chrono Boost)  
  22  1:53  Assimilator  
  22  1:55  Assimilator, Probe  
  23  2:01  Pylon  
  23  2:15  Cybernetics Core, Probe  
  24  2:19  Pylon  
  24  2:25  Probe  
  24  2:27  Probe  
  26  2:38  Probe  
  26  2:39  Gateway  
  26  2:42  Forge  
  27  2:45  Pylon  
  27  2:51  Warp Gate (Chrono Boost), Pylon  
  27  2:52  Adept  
  27  2:55  Probe  
  27  2:56  Probe  
  31  3:07  Probe  
  31  3:08  Probe  
  31  3:12  Assimilator  
  33  3:19  Probe  
  34  3:20  Probe  
  34  3:21  Protoss Ground Weapons Level 1  
  35  3:27  Adept  
  35  3:29  Adept  
  35  3:31  Probe  
  35  3:32  Probe  
  41  3:43  Probe  
  41  3:44  Probe  
  41  3:45  Twilight Council  
  43  3:55  Probe  
  43  4:00  Assimilator, Probe  
  45  4:07  Probe  
  45  4:12  Probe  
  46  4:20  Probe  
  48  4:24  Probe  
  48  4:26  Nexus  
  48  4:30  Assimilator  
  48  4:31  Charge  
  48  4:32  Assimilator, Zealot, Probe  
  48  4:34  Zealot  
  48  4:35  Pylon  
  48  4:36  Probe  
  54  4:44  Probe  
  55  4:47  Templar Archives, Pylon  
  55  4:54  Photon Cannon  
  55  4:59  Photon Cannon  
  55  5:03  Probe x2  
  57  5:11  Photon Cannon  
  57  5:15  Probe x2  
  59  5:22  Adept x2  
  59  5:27  Probe x2  
  65  5:29  Gateway  
  65  5:33  Gateway  
  65  5:51  Pylon  
  65  5:54  Probe  
  65  5:55  Probe x2  
  68  5:58  High Templar x2, Protoss Ground Weapons Level 2 (Chrono Boost)  
  68  6:02  Psionic Storm  
  72  6:06  Probe, Pylon  
  72  6:07  Probe x2  
  72  6:11  Pylon  
  75  6:16  Forge  
  75  6:18  Robotics Facility  
  75  6:19  Probe  
  75  6:20  Robotics Facility  
  75  6:25  Stalker  
  78  6:44  Zealot x2  
  74  6:55  Zealot x2  
  76  7:05  Gateway  
  76  7:07  Gateway  
  76  7:09  Gateway  
  76  7:11  Gateway  
  76  7:20  High Templar x2  
  76  7:21  High Templar  
  76  7:22  High Templar  
  84  7:25  Nexus  
  84  7:29  Assimilator  
  84  7:32  Assimilator  
  84  7:36  Pylon  
  84  7:38  Pylon  
  84  8:04  Robotics Bay  
  84  8:07  Pylon  
  84  8:10  Probe x3  
  87  8:17  High Templar x2  
  87  8:19  High Templar  
  93  8:20  High Templar x4  
  93  8:22  Probe x2  
  93  8:23  Probe  
  104  8:29  Archon  
  104  8:33  Archon  
  104  8:36  Zealot  
  106  8:50  Zealot x2  
  106  8:52  Zealot x5  
  120  9:10  Photon Cannon  
  120  9:12  Photon Cannon  
  120  9:18  Nexus  
  120  9:22  Assimilator  
  120  9:25  Zealot x8  
  120  9:26  Assimilator  
  136  9:43  Pylon  
  136  9:45  Pylon  
  126  10:10  Pylon  
  126  10:13  Pylon  
  124  10:16  High Templar x2  
  124  10:17  High Templar x6  
  148  10:49  Zealot x2  
  152  10:50  Zealot x6  
Show
View Real Time Build Order
Export as new Build Order

Nyck Terran 

Build Orders: Command Center First 

Get SALT Encoding   

  12  0:00  SCV  
  13  0:13  SCV  
  14  0:18  Supply Depot  
  14  0:28  SCV  
  15  0:40  SCV  
  16  0:59  Command Center  
  16  1:02  SCV  
  17  1:21  SCV  
  18  1:26  Barracks  
  18  1:29  Barracks  
  18  1:35  SCV  
  19  1:45  Refinery  
  19  1:47  SCV  
  20  1:55  Supply Depot  
  20  2:03  SCV  
  20  2:04  Supply Depot  
  21  2:15  Orbital Command  
  21  2:24  Marine x2  
  23  2:34  Supply Depot  
  23  2:42  Orbital Command  
  23  2:48  SCV  
  24  2:52  Marine x2  
  26  3:00  SCV  
  26  3:02  Supply Depot  
  27  3:08  SCV  
  29  3:12  SCV  
  29  3:14  Marine x2  
  29  3:17  Refinery  
  31  3:20  SCV  
  31  3:24  SCV, Factory  
  33  3:32  SCV  
  33  3:33  Barracks Tech Lab  
  34  3:34  Barracks Reactor  
  34  3:37  SCV  
  34  3:40  Engineering Bay  
  35  3:41  Engineering Bay  
  35  3:45  SCV  
  36  3:49  SCV  
  36  3:53  Combat Shield  
  37  3:56  Marine  
  37  3:57  SCV  
  37  4:01  SCV  
  40  4:09  SCV  
  41  4:12  Starport  
  41  4:13  SCV, Marine  
  41  4:16  Marine x2  
  45  4:27  Terran Infantry Weapons Level 1  
  45  4:31  SCV  
  45  4:32  Refinery  
  45  4:35  SCV, Marine  
  45  4:36  Marine x2, Refinery  
  50  4:45  Terran Infantry Armor Level 1  
  50  4:46  SCV  
  50  4:47  SCV  
  50  4:51  Command Center  
  52  4:59  SCV x2  
  54  5:09  Marine x3  
  54  5:10  Medivac  
  54  5:11  SCV x2  
  61  5:15  Stimpack  
  61  5:23  SCV x2, Armory  
  61  5:27  Marine x3  
  66  5:30  Supply Depot  
  66  5:35  SCV x2  
  67  5:40  Medivac  
  70  5:51  SCV x2  
  70  5:53  Supply Depot  
  72  6:03  SCV x2  
  74  6:15  Supply Depot  
  74  6:16  SCV x2  
  76  6:32  Marine x3  
  73  7:02  Marine  
  73  7:03  Marine x2  
  76  7:35  Marine x3  
  79  7:37  Terran Infantry Weapons Level 2  
  79  7:38  Terran Infantry Armor Level 2  
  79  7:42  Terran Vehicle And Ship Armor Level 1  
  79  7:43  Medivac  
  81  7:47  Supply Depot  
  81  7:52  Orbital Command  
  81  7:58  SCV x2  
  83  8:07  Refinery  
  83  8:09  Refinery  
  83  8:10  Supply Depot, SCV x2  
  85  8:14  Marine x3  
  85  8:18  Armory  
  85  8:19  Medivac  
  90  8:22  SCV x2  
  90  8:23  SCV  
  93  8:32  Marine x3  
  93  8:33  Supply Depot  
  96  8:34  SCV  
  96  8:35  SCV x2  
  96  8:39  Command Center  
  99  8:46  SCV  
  100  8:50  Marine x3  
  103  8:56  Barracks  
  103  8:58  Barracks  
  103  8:59  Barracks  
  103  9:00  Barracks  
  103  9:04  SCV  
  103  9:05  SCV x2  
  106  9:17  SCV x3  
  109  9:26  Starport Reactor  
  109  9:32  Starport  
  109  9:41  Marine x3  
  109  9:45  Barracks Reactor  
  112  9:46  Barracks, Barracks Reactor x2  
  68  10:09  Marine x3  
  68  10:10  Marine  
  52  10:27  Marine x3  
Tags
 
Add a new tag
Caveats
  • Supply blocks, unpowered buildings, or Contaminate may cause inaccurate times.
  • Supply counts are checked every 10 seconds.